 Dungeon Crawl Stone Soup version 0.31-a0-819-gf6de2f5ab6 (webtiles) character file.

Game seed: 10911592307066230457

150 qw the Shooter (level 5, 0/32 HPs)
             Began as a Gargoyle Hunter on Sept 23, 2023.
             Slain by an iguana (7 damage)
             ... on level 4 of the Dungeon.
             The game lasted 00:00:59 (2036 turns).

qw the Shooter (Gargoyle Hunter)                    Turns: 2036, Time: 00:00:59

Health: 0/32       AC: 10    Str: 18 (20) XL:     5   Next: 32%
Magic:  5/5        EV: 11    Int:  8 (10) God:
Gold:   163        SH:  0    Dex: 13 (15) Spells: 4/4 levels left

rFire   . . .        Y - +0 shortbow
rCold   . . .        (shield currently unavailable)
rNeg    + . .        g - +0 ring mail
rPois   inf          (no helmet)
rElec   +            d - +0 cloak
rCorr   .            (no gloves)
SInv    .            (no boots)
Will    .....        (no amulet)
Stlth   +            c - +6 ring of strength
HPRegen 0.25/turn    (no ring)
MPRegen 0.09/turn

%: no passive effects
@: no status effects
A: sickness immunity, AC +4, negative energy resistance 1, electricity
resistance, torment resistance 1, petrification resistance
a: no special abilities


You were on level 4 of the Dungeon.
You visited 1 branch of the dungeon, and saw 4 of its levels.

You collected 163 gold pieces.


Innate Abilities, Weirdness & Mutations

You are immune to sickness and miasma.
Your stone body is resilient. (AC +4)
You are immune to poison.
You resist negative energy. (rN+)
You are resistant to electric shocks. (rElec)
You are resistant to unholy torment.
You are immune to petrification.


   Skills:
 - Level 3.0 Fighting
 + Level 5.8 Ranged Weapons
 - Level 1.5 Armour
 - Level 1.5 Dodging
 - Level 1.1 Stealth


You had 4 spell levels left.
You didn't know any spells.
Your spell library was empty.

Inventory:

Hand Weapons
 Y - a +0 shortbow (weapon)
Armour
 d - a +0 cloak (worn)
 g - a +0 ring mail (worn)
Jewellery
 c - a +6 ring of strength (left hand)
Potions
 a - a potion of haste
 b - a potion of might {unknown}
 e - a potion of attraction {unknown}
 f - a potion of heal wounds {unknown}
 h - 2 potions of curing
 i - a potion of mutation {unknown}
 j - a potion of berserk rage {unknown}

Dungeon Overview and Level Annotations

Branches:
Dungeon (4/15)
 Temple: D:4-7

Altars:
Elyvilon
Uskayaw


Message History

The iguana is moderately wounded.
You shoot an arrow. The arrow barely misses the iguana.
You shoot an arrow.
The arrow hits the iguana but does no damage.
The iguana is moderately wounded.
The iguana closely misses you.
You shoot an arrow. The arrow hits the iguana.
The iguana is moderately wounded.
The iguana closely misses you.
You shoot an arrow. The arrow barely misses the iguana.
The iguana bites you!
You shoot an arrow. The arrow hits the iguana.
The iguana is heavily wounded.
The iguana barely misses you.
The iguana bites you but does no damage.
You shoot an arrow. The arrow hits the iguana.
The iguana is heavily wounded.
The iguana bites you!
You shoot an arrow. The arrow closely misses the iguana.
The iguana completely misses you.
You shoot an arrow. The arrow hits the iguana.
The iguana is severely wounded.
The iguana bites you but does no damage.
You shoot an arrow.
The arrow hits the iguana but does no damage.
The iguana is severely wounded.
The iguana hisses menacingly.
The iguana misses you. The iguana closely misses you.
You shoot an arrow. The arrow barely misses the iguana.
The iguana closely misses you.
You shoot an arrow. The arrow closely misses the iguana.
The iguana bites you.
You shoot an arrow. The arrow hits the iguana.
The iguana is severely wounded.
The iguana bites you.
You shoot an arrow. The arrow closely misses the iguana.
The iguana bites you but does no damage.
You shoot an arrow. The arrow barely misses the iguana.
The iguana bites you!
You die...

...........#...#
...........#...#..[.....
...........#...#........
.........).#...#........
.#####.....#'###........
#.....#...#........
#.....#...#........ .
#...#........
...(###'#@l....#
...............#
...............#
...............#
...............+
...............#
...............#
...............#
######.........#


You could see an iguana.

Vanquished Creatures
  A jelly (D:4)
  5 adders
  3 worms
  3 dart slugs
  2 orcs (D:3)
  3 endoplasms
  2 giant cockroaches (D:1)
  4 hobgoblins (D:2)
  2 jackals (D:2)
  10 kobolds
  3 quokkas
  3 ball pythons
  5 bats
  3 frilled lizards
  10 rats
59 creatures vanquished.

Vanquished Creatures (others)
  A quokka (D:3)
1 creature vanquished.

Grand Total: 60 creatures vanquished

Notes
Turn   | Place    | Note
-------+----------+-------------------------------------------
     0 | D:1      | qw the Gargoyle Hunter began the quest for the Orb.
     0 | D:1      | Reached XP level 1. HP: 12/12 MP: 1/1
     0 | D:1      | 0 ||| qw: Version: 0.3-a-83-gcd0e7d8
     0 | D:1      | 0 ||| qw: Game counter: 1715
     0 | D:1      | 0 ||| qw: Melee chars always use a shield: true
     0 | D:1      | 0 ||| qw: God list: Okawaru
     0 | D:1      | 0 ||| qw: Allow faded altars: false
     0 | D:1      | 0 ||| qw: Do Orc after clearing Dungeon:15 true
     0 | D:1      | 0 ||| qw: Do second Lair branch before Depths: true
     0 | D:1      | 0 ||| qw: Lair rune preference: random
     0 | D:1      | 0 ||| qw: Goals: Normal
     0 | D:1      | 0 ||| PLANNING D:1-11
    50 | D:1      | Reached XP level 2. HP: 17/17 MP: 2/2
   358 | D:1      | 358 ||| UPGRADING to +0 cloak.
   363 | D:1      | 363 ||| UPGRADING to +0 ring mail.
   373 | D:1      | 373 ||| DROPPING +0 leather armour.
   374 | D:1      | 374 ||| DROPPING scroll of butterflies.
   453 | D:2      | Reached XP level 3. HP: 21/21 MP: 3/3
   461 | D:2      | Found a faded altar of an unknown god.
   478 | D:2      | Reached skill level 1 in Armour
   553 | D:2      | Reached skill level 5 in Ranged Weapons
   720 | D:2      | Found a hide-covered altar of Uskayaw.
   808 | D:2      | Reached XP level 4. HP: 25/27 MP: 4/4
   911 | D:2      | Reached skill level 3 in Fighting
  1092 | D:2      | 1092 ||| READING scroll labelled ZUYPHARPH MOJI.
  1093 | D:2      | 1093 ||| DRINKING 2 fizzy white potions.
  1094 | D:2      | 1094 ||| DRINKING 2 blue potions.
  1095 | D:2      | 1095 ||| DROPPING potion of degeneration.
  1412 | D:3      | Found a white marble altar of Elyvilon.
  1904 | D:3      | 1904 ||| UPGRADING to +6 ring of strength.
  1905 | D:3      | 1905 ||| DRINKING 2 bubbling brown potions.
  1971 | D:4      | Reached XP level 5. HP: 32/32 MP: 5/5
  2034 | D:4      | HP: 6/32 [iguana (4)]
  2036 | D:4      | Slain by an iguana

Levels and vault maps discovered:
D:1:      psy_arrival_whirlpool, layout_basic, chequers_avenue
D:2:      layout_loops_ring, basic_altar, shapermc_ecumenical_altar_acropolis
D:3:      layout_basic, elyvilon_altar_4, corner_web_ring
D:4:      layout_gridville, lemuel_tele_altar, serial_shops, shop,
          nicolae_shop_tiny_glass, nicolae_shop_waterfront, uniq_duvessa

Skill      XL: |  1  2  3  4 |
---------------+-------------+-----
Armour         | 1 |  1.5
Ranged Weapons | 5 |  5.8
Fighting       | 3 |  3.0
Dodging        | |  1.5
Stealth        | |  1.1

Action                     |  1- 3 |  4- 6 || total
---------------------------+-------+-------++-------
   Fire: Shortbow          |   128 |   138 ||   266
    Use: Potion            |       |     3 ||     3
         Scroll            |       |     1 ||     1
 Armour: Leather armour    |     8 |       ||     8
         Ring mail         |    36 |    41 ||    77
  Dodge: Dodged            |    45 |    30 ||    75

Table legend:
 A = Non-vault XP
 B = Vault XP
 C = Vault XP percentage of total XP
 D = Non-vault monster count
 E = Vault monster count
 F = Vault count percentage of total count
                 A         B        C        D         E       F
            +---------+---------+-------+---------+---------+-------
      Total |     215 |       0 |   0.0 |      59 |       0 |   0.0
            +---------+---------+-------+---------+---------+-------
        D:1 |      28 |       0 |   0.0 |      18 |       0 |   0.0
        D:2 |      75 |       0 |   0.0 |      19 |       0 |   0.0
        D:3 |      58 |       0 |   0.0 |      19 |       0 |   0.0
        D:4 |      54 |       0 |   0.0 |       3 |       0 |   0.0
            +---------+---------+-------+---------+---------+-------
